 Dungeon Crawl Stone Soup version 0.13-b1-24-g18a6e78 (webtiles) character file.

7690 Goboxel the Archer (level 10, -4/65 HPs)
             Began as a High Elf Hunter on Oct 3, 2013.
             Was an Elder of Okawaru.
             Slain by an orc warrior
             ... wielding a +0,+1 orcish war axe
              (17 damage)
             ... on Level 10 of the Dungeon on Oct 4, 2013.
             The game lasted 00:57:44 (14842 turns).

Goboxel the Archer (High Elf Hunter)               Turns: 14842, Time: 00:57:44

HP  -4/65        AC  4     Str 11      XL: 10   Next: 93%
MP  22/22        EV 17     Int 14      God: Okawaru [****..]
Gold 257         SH  0     Dex 21      Spells:  1 memorised, 14 levels left

Res.Fire  : + . .   See Invis. : +   b - +4,+2 elf bow
Res.Cold  : . . .   Warding    : .   d - -1 elf leather armour
Life Prot.: . . .   Conserve   : .   (no shield)
Res.Poison: .       Res.Corr.  : .   (no helmet)
Res.Elec. : .       Clarity    : .   y - +0 cloak
Sust.Abil.: . .     Spirit.Shd : .   m - +0 pair of gloves
Res.Mut.  : .       Stasis     : .   (no boots)
Res.Rott. : .       Flight     : .   (no amulet)
Saprovore : . . .                    l - ring of protection from fire
                                     L - ring of see invisible

@: somewhat resistant to hostile enchantments, quite stealthy
A: no striking features
a: Heroism, Renounce Religion


You were on level 10 of the Dungeon.
You worshipped Okawaru.
Okawaru was greatly pleased with you.
You were hungry.

You visited 2 branches of the dungeon, and saw 11 of its levels.
You also visited: Sewer.

You collected 289 gold pieces.
You spent 52 gold pieces at shops.

Inventory:

Hand weapons
 a - a -1,+1 orcish long sword
 b - a +4,+2 elven bow (weapon)
 x - a +0,+1 dwarven dagger
 H - a +1,+0 whip of electrocution
 J - a +0,+0 elven short sword
Missiles
 c - 67 arrows (quivered)
 j - 13 arrows of flame
 z - 9 poisoned arrows
 X - 13 arrows of frost
Armour
 d - a -1 elven leather armour (worn)
 k - a +2 elven shield
 m - a +0 pair of gloves (worn)
 y - a +0 cloak (worn)
Magical devices
 n - a wand of fire (10)
 E - a wand of cold (13)
 F - a wand of heal wounds (4) {unknown}
 K - a wand of slowing (0)
 R - a wand of confusion (7) {unknown}
 W - a wand of cold (2)
Comestibles
 f - 2 bread rations
 s - a pear
 t - a meat ration
 B - an apple
 I - a royal jelly
 V - a lychee
Scrolls
 h - 2 scrolls of enchant weapon II
 i - a scroll of magic mapping
 o - 4 scrolls of identify
 q - 2 scrolls of enchant weapon I
 u - a scroll of curse jewellery {unknown}
 A - a scroll of amnesia
 G - 2 scrolls of teleportation
 M - a scroll of acquirement {unknown}
 N - a scroll of immolation
 P - 3 scrolls of remove curse
 T - 2 scrolls of enchant armour {unknown}
Jewellery
 e - an uncursed ring of teleportation
 l - a ring of protection from fire (right hand)
 D - an uncursed ring of protection from magic
 L - a ring of see invisible (left hand)
Potions
 g - 4 potions of invisibility
 r - 3 potions of brilliance
 v - 3 potions of mutation {unknown}
 w - 2 potions of heal wounds
 O - a potion of degeneration {unknown}
 Q - a potion of agility {unknown}
 U - a potion of cure mutation {unknown}
Books
 C - a book of Minor Magic

   Spells                             Type                      Level
   Magic Dart                         Conjuration                  1
   *Blink                             Translocation                2
   Call Imp                           Summoning                    2
   Repel Missiles                     Charms/Air                   2
   Slow                               Hexes                        2
   Conjure Flame                      Conjuration/Fire             3
   Mephitic Cloud                     Conjuration/Poison/Air       3
 S - a book of Enchantments

   Spells                             Type                      Level
   Cause Fear                         Hexes                        4
   Silence                            Hexes/Air                    5
   Tukima's Dance                     Hexes                        5
   Deflect Missiles                   Charms/Air                   6
   Haste                              Charms                       6
   Discord                            Hexes                        8


   Skills:
 - Level 6.1 Fighting
 - Level 7.3 Short Blades
 - Level 7.3 Long Blades
 - Level 13.9 Bows
 - Level 7.6 Dodging
 - Level 5.2 Stealth
 - Level 3.6 Spellcasting
 * Level 2.3 Invocations


You had 14 spell levels left.
You knew the following spells:

 Your Spells              Type           Power        Failure   Level  Hunger
a - Blink                 Tloc           N/A          34%         2    ##.....


Dungeon Overview and Level Annotations

Branches:
Dungeon (10/27)            Temple (1/1) D:7
    Orc: D:6-11        Lair: D:8-13

Altars:
Ashenzari
Cheibriados
Elyvilon
Fedhas
Kikubaaqudgha
Okawaru
Sif Muna
Trog
Vehumet
Xom
Zin

Shops:
D:7 %   D:8 ?

Annotations:
D:10 throttle's ghost, powerful GrMo


Message History

Aim: an orc warrior, wielding an orcish war axe and wearing an orcish chain mail (severely wounded)
You shoot an arrow. The arrow hits the orc warrior.
The orc warrior is almost dead.
The orc warrior hits you with an orcish war axe!
Firing (i - inventory. (,) - cycle):
c - 69 arrows (quivered)
Press: ? - help, Shift-Dir - straight line, f/p - orc warrior
Aim: an orc warrior, wielding an orcish war axe and wearing an orcish chain mail (almost dead)
You shoot an arrow. The arrow hits the orc warrior.
The orc warrior is almost dead.
The orc closely misses you.
The orc wizard points at you and mumbles some strange words.
The magic dart hits you!
* * * LOW HITPOINT WARNING * * *
Firing (i - inventory. (,) - cycle):
c - 68 arrows (quivered)
Press: ? - help, Shift-Dir - straight line, f/p - orc warrior
Aim: an orc warrior, wielding an orcish war axe and wearing an orcish chain mail (almost dead)
You shoot an arrow. The arrow hits the orc warrior.
The orc warrior is almost dead.
The orc warrior hits you with an orcish war axe!
You die...

#.###..#..........#..##
#......'..........#.[#
###########''##.........#..#
#.>...........#.........#..#
#.............#.........#..#
#..<..........#.........#..#
#............(#.........'..#
#...........oo'.........'..#
#...........@o#........[#.<#
#.............#.........#..#
#.............#.........#..#
###''##########.........#..#
#..# #..'..........#..#
#..######.##..........#..#
#.........########''###..##
##..#####................(.
#..# #..................


You could see an orc warrior, an orc wizard and an orc.

Vanquished Creatures
  Pikel (D:6)
  A hill giant (D:10)
  A necromancer (D:10)
  The ghost of Goboxel the Slasher, an average HESk of Ashenzari (D:4)
  The ghost of bart the Insei, an average DgTm (D:5)
  3 hippogriffs
  Edmund (D:9)
  A sky beast (D:5)
  A black bear (D:9)
  3 slaves
  4 orc warriors
  An ogre (D:9)
  4 phantoms
  4 centaurs
  2 ice beasts
  A big kobold (Sewer)
  4 giant frogs
  A gnoll sergeant (D:6)
  Blork the orc (D:6)
  2 water moccasins
  A hippogriff zombie (D:7)
  A cyclops skeleton (D:8)
  A wyvern skeleton (D:6)
  14 killer bees
  11 crimson imps
  A goliath beetle (D:6)
  A giant frog zombie (D:7)
  A big fish (Sewer)
  A quasit (D:8)
  A centaur zombie (D:5)
  2 orc priests
  5 scorpions
  A jelly (D:6)
  7 hounds
  A gnoll shaman (D:6)
  3 iguanas
  7 worker ants
  6 orc wizards
  2 grizzly bear simulacra (D:10)
  A hound skeleton (D:4)
  15 gnolls
  16 adders
  5 hound simulacra (D:10)
  3 giant mites
  An inept feature mimic (D:6)
  3 worms
  An iguana zombie (D:6)
  2 grey rats (Sewer)
  2 giant eyeballs
  9 giant geckos
  An ooze (D:2)
  30 orcs
  3 sheep simulacra (D:10)
  A bat zombie (D:8)
  7 giant cockroaches
  15 hobgoblins
  9 jackals
  5 quokkas
  4 training dummies (D:3)
  17 bats
  7 giant newts
  2 giant spores
  8 goblins
  A goblin skeleton (D:4)
  22 kobolds
  A quokka zombie (D:5)
  17 rats
  A rat simulacrum (D:10)
  A rat skeleton (D:4)
  7 ballistomycetes
322 creatures vanquished.

Vanquished Creatures (others)
  A slave (D:6)
  An orc warrior (D:8)
  A worker ant (D:6)
  A gnoll (D:6)
  3 orcs
  A giant spore (D:8)
8 creatures vanquished.

Grand Total: 330 creatures vanquished

Notes
Turn   | Place    | Note
--------------------------------------------------------------
     0 | D:1      | Goboxel, the High Elf Hunter, began the quest for the Orb.
     0 | D:1      | Reached XP level 1. HP: 14/14 MP: 1/1
   140 | D:1      | Reached XP level 2. HP: 13/19 MP: 2/2
   386 | D:1      | Reached skill level 6 in Bows
   790 | D:1      | Reached XP level 3. HP: 22/24 MP: 4/4
  1250 | D:2      | Reached skill level 7 in Bows
  1528 | D:2      | Reached XP level 4. HP: 29/29 MP: 6/6
  1529 | D:2      | Found a shattered altar of Ashenzari.
  1815 | D:2      | Reached skill level 8 in Bows
  2023 | D:3      | Reached XP level 5. HP: 29/34 MP: 7/7
  2275 | D:3      | Found an iron altar of Okawaru.
  2280 | D:3      | Became a worshipper of Warmaster Okawaru
  2344 | D:3      | Reached skill level 1 in Short Blades
  2954 | D:3      | Found an ancient bone altar of Kikubaaqudgha.
  3079 | D:3      | Reached XP level 6. HP: 40/40 MP: 9/9
  3119 | D:4      | Noticed Goboxel's ghost (average HESk)
  3127 | D:4      | Killed Goboxel's ghost
  3127 | D:4      | Reached skill level 9 in Bows
  3337 | D:4      | Acquired Okawaru's first power
  3374 | D:4      | Found a glowing drain.
  3504 | Sewer    | Entered a sewer
  3584 | Sewer    | Reached XP level 7. HP: 27/45 MP: 11/11
  3912 | Sewer    | Found a white marble altar of Elyvilon.
  5233 | D:5      | Entered Level 5 of the Dungeon
  5235 | D:5      | Noticed bart's ghost (average DgTm)
  5548 | D:5      | Killed bart's ghost
  5548 | D:5      | Reached skill level 5 in Short Blades
  5548 | D:5      | Reached XP level 8. HP: 36/52 MP: 12/12
  6048 | D:5      | Reached skill level 10 in Bows
  6522 | D:6      | Found Phadas' Book Shoppe.
  6528 | D:6      | Phadas' Book Shoppe was a mimic.
  6558 | D:6      | Reached skill level 5 in Dodging
  6767 | D:5      | Found a bloodstained altar of Trog.
  7110 | D:6      | Noticed Pikel
  7978 | D:5      | Reached XP level 9. HP: 41/57 MP: 14/14
  8004 | D:6      | Killed Pikel
  8004 | D:6      | Reached skill level 11 in Bows
  8815 | D:6      | Paralysed by a giant eyeball for 4 turns
  8917 | D:6      | Noticed Blork the orc
  8937 | D:6      | Killed Blork the orc
  9042 | D:7      | Paralysed by a giant eyeball for 4 turns
  9049 | D:7      | Paralysed by a giant eyeball for 4 turns
  9178 | D:6      | Reached skill level 12 in Bows
  9474 | D:7      | Reached skill level 5 in Fighting
  9510 | D:7      | Found a staircase to the Ecumenical Temple.
  9538 | Temple   | Entered the Ecumenical Temple
  9910 | D:7      | Reached skill level 1 in Long Blades
 10033 | D:7      | Reached skill level 5 in Long Blades
 10033 | D:7      | Reached XP level 10. HP: 62/64 MP: 16/16
 10283 | D:7      | Found Xayblel's Food Boutique.
 10516 | D:8      | Found Vossa's Magic Scroll Shop.
 10525 | D:8      | Bought a scroll of remove curse for 39 gold pieces
 10525 | D:8      | Bought a scroll of immolation for 13 gold pieces
 10959 | D:8      | Received a gift from Okawaru
 11564 | D:8      | Reached skill level 13 in Bows
 11751 | D:8      | Found a deep blue altar of Sif Muna.
 11914 | D:9      | Noticed Edmund
 11925 | D:9      | Killed Edmund
 11925 | D:9      | Reached skill level 5 in Stealth
 12880 | D:10     | Entered Level 10 of the Dungeon
 12892 | D:10     | Reached skill level 1 in Spellcasting
 12995 | D:10     | Noticed an orc knight
 13021 | D:10     | Noticed throttle's ghost (powerful GrMo)
 13652 | D:10     | Noticed a hill giant
 13683 | D:10     | Killed a hill giant
 13683 | D:10     | Received a gift from Okawaru
 13710 | D:10     | Noticed a necromancer
 13730 | D:10     | Killed a necromancer
 13831 | D:10     | Learned a level 2 spell: Blink
 13956 | D:10     | Reached skill level 1 in Invocations
 14842 | D:10     | Slain by an orc warrior

Action                   |  1- 3 |  4- 6 |  7- 9 | 10-12 || total
-------------------------+-------+-------+-------+-------++-------
Melee: Short sword       |    96 |   132 |   681 |   110 ||  1019
       Dagger            |       |    27 |       |    11 ||    38
       Long sword        |       |       |       |   134 ||   134
 Fire: Bow               |    49 |    62 |   271 |   244 ||   626
Throw: Dart              |       |     1 |       |       ||     1
       Dagger            |       |       |     3 |       ||     3
Invok: Heroism           |       |       |       |     1 ||     1
Evoke: Wand              |       |       |       |     3 ||     3
  Use: Scroll            |     4 |     2 |    12 |     8 ||    26
       Potion            |       |       |     5 |     4 ||     9
 Stab: Sleeping          |     1 |     1 |     3 |     2 ||     7
       Confused          |       |       |     1 |       ||     1
       Distracted        |       |       |       |     1 ||     1
